 Dungeon Crawl Stone Soup version 0.20.1-1-g8b1a95d (webtiles) character file.

439964 letownia2 the Executioner (level 23, -23/222 HPs)
             Began as a Deep Dwarf Necromancer on Nov 7, 2017.
             Was an Initiate of Gozag.
             Killed from afar by Jory (60 damage)
             ... with a crystal spear
             ... on level 3 of the Crypt on Nov 11, 2017.
             The game lasted 03:25:06 (50305 turns).

letownia2 the Executioner (Deep Dwarf Necromancer) Turns: 50305, Time: 03:25:07

Health: -23/222    AC: 37    Str: 20    XL:     23   Next: 0%
Magic:  58/58      EV: 24    Int: 23    God:    Gozag
Gold:   6385       SH:  5    Dex: 20    Spells: 8/46 levels left

rFire    . . .     SeeInvis .   a - +2 battleaxe (chop)
rCold    + + .     Gourm    .   (shield currently unavailable)
rNeg     + + +     Faith    .   e - +10 pearl dragon scales "Foren" {rC+ rN+ Dex+7}
rPois    .         Spirit   .   s - +3 hat of Pondering {ponderous, MR+ MP+10 Int+5}
rElec    +         Reflect  +   E - +1 cloak of Starlight {rElec rC+ EV+4 Stlth--}
rCorr    .         Harm     .   W - +2 pair of gloves
MR       ++++.                  b - +0 pair of boots {Stlth+}
Stlth    ..........             R - +5 amulet of reflection
Regen    0.0/turn               A - ring of Vuyd Tio {Wiz rElec rN+}
MPRegen  0.4/turn               B - ring of magical power

@: gold aura, mesmerised, non-regenerating, slow
A: damage resistance, heal wounds, negative energy resistance 1, sense
surroundings 3, no regeneration
}: 2/15 runes: decaying, silver
a: Heal Wounds, Potion Petition, Call Merchant, Bribe Branch, Renounce Religion


You were on level 3 of the Crypt.
You worshipped Gozag.
Gozag was greatly pleased with you.
You were not hungry.

You visited 8 branches of the dungeon, and saw 39 of its levels.
You visited 1 bazaar.
You also visited: Labyrinth, Bailey and Volcano.

You collected 22147 gold pieces.
You spent 2512 gold pieces at shops.
You paid 13250 gold pieces to Gozag.

Inventory:

Hand Weapons
 a - a +2 battleaxe of chopping (weapon)
 c - a +3 vampiric battleaxe
Missiles
 G - 6 curare-tipped needles
 U - 6 throwing nets (quivered)
Armour
 b - a +0 pair of boots of stealth (worn)
 e - the +10 pearl dragon scales "Foren" (worn) {rC+ rN+ Dex+7}
   (You bought it in a shop on level 7 of the Dungeon)

   It affects your dexterity (+7).
   It protects you from cold.
   It protects you from negative energy.
 s - the +3 hat of Pondering (worn) {ponderous, MR+ MP+10 Int+5}
   (You took it off Gastronok on level 9 of the Dungeon)

   It affects your intelligence (+5).
   It affects your resistance to hostile enchantments.
   It affects your magic capacity (+10).
 E - the +1 cloak of Starlight (worn) {rElec rC+ EV+4 Stlth--}
   (You found it in a labyrinth)

   It affects your evasion (+4).
   It protects you from cold.
   It insulates you from electricity.
   It makes you much less stealthy.
 W - a +2 pair of gloves (worn)
Magical Staves
 d - an uncursed staff of death
Jewellery
 u - an uncursed ring of fire
 A - the ring of Vuyd Tio (left hand) {Wiz rElec rN+}
   (You found it on level 5 of the Vaults)

   [ring of wizardry]

   It improves your spell success rate.
   It insulates you from electricity.
   It protects you from negative energy.
 B - a ring of magical power (right hand)
 R - a +5 amulet of reflection (around neck)
Wands
 g - a wand of digging (6/24)
 m - a wand of disintegration (13/24)
 y - a wand of clouds (2/9)
 S - a wand of acid (1/15)
 X - a wand of paralysis (8/24)
Scrolls
 h - a scroll of enchant weapon
 i - 12 scrolls of identify
 j - 9 scrolls of silence
 p - 3 scrolls of teleportation
 t - 2 scrolls of summoning
 v - 4 scrolls of recharging
 w - 6 scrolls of remove curse
 x - 3 scrolls of fear
 z - 8 scrolls of magic mapping
 J - a scroll of blinking
 Q - a scroll of holy word
 T - 5 scrolls of immolation
Potions
 f - 2 potions of resistance
 k - 6 potions of brilliance
 l - 3 potions of flight
 n - 3 potions of might
 o - 6 potions of curing
 q - 3 potions of heal wounds
 r - 5 potions of magic
 D - 4 potions of invisibility
 F - 4 potions of ambrosia
 I - 6 potions of mutation
 K - 9 potions of haste
 L - 10 potions of agility
 O - 9 potions of lignification
 Y - 5 potions of berserk rage
 Z - a potion of cancellation
Miscellaneous
 H - a phial of floods
Comestibles
 C - a bread ration
 N - 9 meat rations


   Skills:
 + Level 16.5 Fighting
 - Level 23.1 Axes
 + Level 13.6 Armour
 + Level 14.6 Dodging
 - Level 2.4 Stealth
 - Level 12.0 Spellcasting
 - Level 2.4 Conjurations
 - Level 3.0 Hexes
 - Level 6.6 Charms
 - Level 2.4 Summonings
 - Level 16.2 Necromancy
 - Level 2.3 Translocations
 - Level 1.8 Transmutations
 - Level 2.4 Fire Magic
 - Level 6.3 Air Magic
 - Level 2.0 Poison Magic
 - Level 6.3 Evocations


You had 8 spell levels left.
You knew the following spells:

 Your Spells              Type           Power        Failure   Level  Hunger
a - Pain                  Necr           ####         0%          1    None
b - Blink                 Tloc           N/A          2%          2    None
c - Conjure Flame         Conj/Fire      ###.....     5%          3    None
d - Dispel Undead         Necr           ######..     1%          5    ####...
e - Mephitic Cloud        Conj/Pois/Air  ####....     3%          3    None
f - Silence               Hex/Air        #####.....   19%         5    ####...
g - Flame Tongue          Conj/Fire      ###..        1%          1    None
i - Ignite Poison         Fire/Tmut/Pois ###.....     6%          3    None
r - Deflect Missiles      Chrm/Air       #####.....   43%         6    #####..
s - Swiftness             Chrm/Air       #####...     1%          2    None
v - Vampiric Draining     Necr           ######....   1%          3    None
x - Inner Flame           Hex/Fire       ####....     4%          3    None
z - Summon Butterflies    Summ           ###.....     1%          1    None


Dungeon Overview and Level Annotations

Branches:
Dungeon (15/15)            Temple (0/1) D:7            Lair (6/6) D:11
  Swamp (4/4) Lair:4       Spider (0/4) Lair:4        Slime (1/5) Lair:6
    Orc (2/2) D:12            Elf (3/3) Orc:2        Vaults (5/5) D:14
  Crypt (3/3) Vaults:3     Depths (0/5) D:15
   Tomb: Crypt:3

Altars:
Dithmenos
Elyvilon
Fedhas
Gozag
Kikubaaqudgha
Makhleb
Nemelex Xobeh
Okawaru
Trog
Uskayaw
Vehumet
Xom
Yredelemnul
Beogh

Shops:
D:7 [   D:8 [   D:9 }   D:11 [   D:14 [[   D:15 !   Orc:2 }(:}!   Elf:2 (
Lair:2 [(=   Lair:4 [([   Swamp:3 [

Portals:
Trove: Vaults:4 (give 16 scrolls of identify)

Annotations:
D:4 AdmiralAndromeda's ghost, amateur BaFi
D:7 homeworkjunkie's ghost, novice HOFi
D:9 soepske's ghost, novice MiBe
D:11 DIG
Lair:4 exclusion: 3 oklob plants
Lair:5 exclusion: oklob plant
Swamp:2 exclusion: Roxanne, Roxanne
Elf:2 5 runed doors
Vaults:1 1 exclusion
Crypt:3 Jory


Innate Abilities, Weirdness & Mutations

You are resistant to damage.
You can heal yourself by infusing magical energy.
You resist negative energy. (rN+)
You passively map a large area around you.
You do not regenerate.


Message History

The war gargoyle hits you but does no damage.
Jory hits you but does no damage. Jory bites you.
* * * LOW HITPOINT WARNING * * *
You closely miss Jory.
Jory is moderately damaged.
You hit the war gargoyle.
Your pearl dragon scales "Foren" prevents you from hitting the skeletal warrior.
The skeletal warrior completely misses you.
Unknown command.
You slash Jory!
Jory is heavily damaged.
You slash the war gargoyle!
You destroy the war gargoyle!
You have reached level 23!
You closely miss the skeletal warrior.
The skeletal warrior is distracted by the nearby gold.
Jory points at you and mumbles some strange words.
The crystal spear hits you!
You die...
Your body crumbles into a pile of gold.

* ** #..$$$...#* *
** * , ####''####*
, ,, $ , ,
##≈≈..≈≈## , , $
*, , ,
##≈≈≈..≈≈≈## , $ *
,, ,, #≈≈≈≈..≈≈≈≈#
, $ * ,,,,
#≈≈≈≈.p≈≈≈≈# ,,,,
* , , ,
,#≈≈≈≈zz≈≈≈≈# ,, *
#≈≈≈≈zV≈≈≈≈# , , *
,,#≈≈≈≈$@≈≈≈≈# , ≈
≈ ≈ * #≈≈≈≈..≈≈≈≈#
** ≈≈≈ ≈≈ ≈
≈##≈≈≈≈..≈≈≈≈## ≈
≈ ≈ ≈ ≈
≈≈≈≈≈≈≈..≈≈≈≈≈≈≈ ≈
≈ ≈≈
≈≈≈≈≈≈≈≈..≈≈≈≈≈≈≈≈
≈
≈≈≈≈≈≈≈≈..≈≈≈≈≈≈≈
≈ ≈
≈≈≈≈≈≈≈≈..≈≈≈≈≈≈≈
≈ ≈ ≈
≈≈≈≈≈≈≈≈..≈≈≈≈≈≈≈
≈ ≈
≈≈≈≈≈≈≈≈..≈≈≈≈≈≈≈≈
≈≈ ≈


You could see Jory, 3 skeletal warriors and a necromancer.

Vanquished Creatures
  A golden dragon (Vaults:5)
  A bone dragon (Swamp:4)
  A tentacled monstrosity (Swamp:1)
  A shard shrike skeleton (Crypt:1)
  A lich (Vaults:1)
  2 deep elf blademasters (Elf:3)
  2 deep elf master archers (Elf:3)
  8 titans
  A sphinx (shapeshifter) (Vaults:5)
  4 thorn hunters
  2 ancient champions (Crypt:1)
  Gastronok (D:9)
  The ghost of Thaneod the Severer, an adept MiGl of Trog (Swamp:4)
  A storm dragon (Vaults:5)
  5 sphinxes
  3 tengu reavers
  5 frost giants
  An iron dragon (Vaults:5)
  Louise (Elf:2)
  10 deep elf sorcerers
  14 vault wardens
  Aizul (Crypt:1)
  8 deep elf elementalists
  A ghoul (Crypt:1)
  23 ironheart preservers
  11 stone giants
  2 war gargoyles (Crypt:3)
  The ghost of Vojta the Geomancer, a journeyman GrEE of Vehumet (Lair:5)
  13 very ugly things
  An entropy weaver (Vaults:5)
  5 vampire knights
  5 deep elf demonologists
  6 deep elf annihilators
  Snorg (Lair:5)
  5 ettins
  5 fire dragons
  6 deep elf death magi
  2 quicksilver dragon zombies (Crypt:1)
  A minotaur (Lab)
  3 deep elf high priests
  4 jiangshi (Crypt:2)
  11 yaktaur captains
  33 vault guards
  A great orb of eyes (Vaults:4)
  3 ghost crabs
  Fannar (D:10)
  3 rakshasas
  Erolcha (Orc:2)
  2 ice dragons (Vaults:1)
  6 centaur warriors
  13 hydras
  2 hydras (shapeshifter)
  The ghost of Meenos the Grappler, a novice TrBe of Trog (Orc:2)
  A death knight (Vaults:2)
  Erica (Lair:2)
  19 ogre magi
  42 two-headed ogres
  10 alligators
  A deep troll shaman (Vaults:5)
  2 deep troll earth magi
  A vampire mage (Vaults:3)
  A shock serpent (shapeshifter) (Vaults:4)
  Urug (Orc:1)
  A hell knight (Volcano)
  3 spectral storm dragons (Crypt:1)
  17 deep elf knights
  Nergalle (Orc:2)
  4 unseen horrors
  22 skeletal warriors
  A shadow wraith (Vaults:3)
  2 glowing orange brains
  9 deep trolls
  A swamp dragon (shapeshifter) (Vaults:3)
  A death drake (Swamp:4)
  A spriggan druid (Swamp:4)
  3 shambling mangroves
  21 deep elf archers
  3 wizards
  Pikel (D:4)
  3 swamp dragons
  2 spectral hydras (Swamp:4)
  13 orc knights
  4 flayed ghosts
  17 phantasmal warriors
  An iron giant skeleton (Crypt:1)
  13 ironbrand convokers
  A mana viper (shapeshifter) (Vaults:2)
  A golden dragon skeleton (Crypt:1)
  52 deep elf magi
  3 wolf spiders
  An iron dragon zombie (Crypt:1)
  A wolf spider zombie (D:15)
  36 ugly things
  3 necromancers
  4 orc sorcerers
  An iron dragon skeleton (Crypt:1)
  An oklob plant (Lair:4)
  8 cyclopes
  3 spectral fire dragons (Crypt:1)
  A spectral ice dragon (Crypt:1)
  A shadow dragon skeleton (Crypt:1)
  A cyclops (shapeshifter) (Vaults:4)
  16 vault sentinels
  9 elephants (Lair:4)
  2 stone giant skeletons (Crypt:1)
  9 black mambas
  A dire elephant zombie (Crypt:1)
  A smoke demon (Volcano)
  A water nymph (shapeshifter) (Vaults:4)
  2 centaur zombies
  2 molten gargoyles (Volcano)
  A storm dragon simulacrum (Vaults:1)
  27 spiny frogs
  A spiny frog (shapeshifter) (Vaults:5)
  A yellow draconian zombie (Crypt:2)
  6 gargoyles
  6 komodo dragons
  A shock serpent skeleton (Crypt:2)
  2 kobold demonologists
  A komodo dragon (shapeshifter) (Vaults:4)
  A yaktaur zombie (Vaults:4)
  42 yaktaurs
  A swamp worm zombie (Swamp:4)
  10 freezing wraiths
  A rime drake (Lair:6)
  A red devil (Volcano)
  5 trolls
  6 polar bears
  Grinder (D:6)
  23 blink frogs
  9 tyrant leeches
  3 hydra zombies (Swamp:4)
  A wind drake (shapeshifter) (Vaults:4)
  Prince Ribbit (D:6)
  10 bog bodies
  23 hornets
  13 hippogriffs
  A tyrant leech (shapeshifter) (Vaults:4)
  26 slime creatures
  14 dream sheep
  6 alligator zombies (Swamp:4)
  2 spectral swamp dragons (Swamp:4)
  A harpy skeleton (D:15)
  A guardian serpent skeleton (Crypt:1)
  An iron dragon simulacrum (Crypt:1)
  5 air elementals
  27 flying skulls
  20 spriggans
  A redback (shapeshifter) (Vaults:5)
  A satyr skeleton (Crypt:1)
  2 vampires (Vaults:3)
  6 shadows
  5 redbacks
  52 yaks
  5 wraiths
  A black mamba skeleton (Crypt:1)
  4 wyverns
  A hog (shapeshifter) (Vaults:4)
  2 fire bats (Volcano)
  2 fire elementals
  A fire bat (shapeshifter) (Vaults:3)
  A golden eye (shapeshifter) (Vaults:5)
  6 basilisks
  3 hungry ghosts (D:12)
  19 vampire mosquitoes
  A deep troll zombie (Crypt:2)
  Menkaure (D:6)
  4 wargs
  A naga (shapeshifter) (Vaults:2)
  25 swamp worms
  A swamp worm (shapeshifter) (Vaults:4)
  5 acid dragons
  A hell hound (Volcano)
  A hydra simulacrum (Crypt:1)
  15 insubstantial wisps
  A soldier ant (D:13)
  Duvessa (D:3)
  A monstrous demonspawn skeleton (Crypt:1)
  A spiny frog zombie (Crypt:2)
  16 water moccasins
  A porcupine (shapeshifter) (Vaults:3)
  6 swamp drakes
  7 ice beasts
  8 porcupines
  3 sky beasts
  An elephant zombie (Crypt:1)
  22 orc warriors
  2 slaves
  3 black bears
  A hornet zombie (D:12)
  A swamp drake (shapeshifter) (Vaults:3)
  2 human zombies (Vaults:4)
  40 ogres
  3 necrophages
  4 swamp dragon zombies (Swamp:4)
  17 wolves (Lair:6)
  An ogre (shapeshifter) (Elf:1)
  10 phantoms
  5 boggarts (Lair:6)
  13 crocodiles
  23 centaurs
  2 big kobolds
  A human skeleton (Vaults:4)
  21 bullfrogs
  8 gnoll sergeants (Bailey)
  A wyvern zombie (D:13)
  2 human simulacra
  Dowan (D:3)
  3 earth elementals
  A draconian skeleton (Crypt:2)
  3 scorpions
  8 wights
  20 killer bees
  2 spriggan skeletons
  A troll skeleton (Lab)
  2 electric eels
  4 crimson imps
  7 howler monkeys
  A quasit (D:7)
  3 lava snakes (Volcano)
  3 bullfrog zombies
  6 hounds
  17 orc priests
  6 gnoll shamans (Bailey)
  21 jellies
  39 orc wizards
  Crazy Yiuf (D:4)
  9 centaur skeletons
  A black bear skeleton (Crypt:2)
  7 iguanas
  14 worker ants
  9 ogre zombies
  A deep dwarf skeleton (Crypt:2)
  A hound skeleton (D:6)
  2 worker ant zombies
  21 gnolls
  9 adders
  4 swamp drake zombies (Swamp:4)
  A shadow imp (D:5)
  2 oozes
  An adder skeleton (D:5)
  A halfling skeleton (Crypt:1)
  A lava snake skeleton (Crypt:1)
  3 dart slugs
  5 leopard geckos
  103 orcs
  6 bats
  A bat zombie (D:6)
  5 giant cockroaches
  12 goblins
  9 hobgoblins
  18 jackals
  3 quokkas
  11 frilled lizards
  3 goblin skeletons (D:12)
  4 goblin zombies (D:12)
  A hobgoblin skeleton (D:12)
  3 hobgoblin zombies (D:12)
  A jackal skeleton (D:6)
  17 kobolds
  14 orc zombies (D:12)
  A quokka skeleton (D:4)
  4 rats
  3 briar patches (Swamp:4)
  8 fungi
  4 plants
1799 creatures vanquished.

Vanquished Creatures (collateral kills)
  A deep elf annihilator (Elf:3)
1 creature vanquished.

Vanquished Creatures (others)
  17 dancing weapons
  An alligator (Swamp:2)
  A deep elf knight (Elf:1)
  A shadow wraith (Vaults:4)
  A spriggan druid (Swamp:3)
  A deep elf archer (Elf:3)
  2 deep elf magi
  A hornet (Swamp:4)
  A blink frog (Lair:5)
  5 dream sheep (D:6)
  2 spriggans
  A vampire (Vaults:3)
  5 insubstantial wisps (Swamp:4)
  A swamp worm (Swamp:1)
  2 ogres
  An orc wizard (Orc:2)
  An orc (Orc:2)
  A bush (Lair:6)
  A fire vortex (Bailey)
  5 fungi
  4 plants
55 creatures vanquished.

Grand Total: 1855 creatures vanquished

Notes
Turn   | Place    | Note
-------+----------+-------------------------------------------
     0 | D:1      | letownia2 the Deep Dwarf Necromancer began the quest for the Orb.
     0 | D:1      | Reached XP level 1. HP: 15/15 MP: 3/3
   395 | D:2      | Reached XP level 2. HP: 14/22 MP: 1/5
   494 | D:3      | Found an opulent altar of Gozag.
   494 | D:3      | Found a blossoming altar of Fedhas.
   498 | D:3      | Became a worshipper of Gozag Ym Sagoz the Greedy
   741 | D:3      | Reached XP level 3. HP: 9/28 MP: 1/7
   746 | D:3      | Learned a level 3 spell: Vampiric Draining
   986 | D:3      | Reached XP level 4. HP: 12/36 MP: 1/9
  1208 | D:2      | Reached skill level 5 in Necromancy
  1598 | D:2      | Reached XP level 5. HP: 13/42 MP: 5/10
  2811 | D:4      | Noticed Duvessa
  2811 | D:4      | Noticed AdmiralAndromeda's ghost (amateur BaFi)
  2812 | D:4      | Noticed Dowan
  2923 | D:4      | Reached XP level 6. HP: 37/49 MP: 2/12
  2928 | D:4      | Got a jewelled trident
  2931 | D:4      | Identified the +10 trident "Hulk" {antimagic, Dex+6} (You found it on level 4 of the Dungeon)
  3085 | D:4      | Learned a level 3 spell: Conjure Flame
  3263 | D:4      | Got a dazzling ring mail
  3274 | D:4      | Identified the +0 ring mail of Tixuy {rPois rF+ Str+3} (You found it on level 4 of the Dungeon)
  3337 | D:4      | Reached skill level 1 in Conjurations
  3337 | D:4      | Reached skill level 1 in Fire Magic
  3602 | D:4      | Reached XP level 7. HP: 46/55 MP: 0/13
  3628 | D:4      | Found a runed door.
  3679 | D:4      | Noticed Crazy Yiuf
  3683 | D:4      | Killed Crazy Yiuf
  3894 | D:4      | Noticed Pikel
  3909 | D:5      | Entered Level 5 of the Dungeon
  4041 | D:5      | Reached skill level 1 in Fighting
  4041 | D:5      | Reached skill level 1 in Armour
  4668 | D:6      | Found a shimmering altar of Xom.
  4668 | D:6      | Noticed a dream sheep
  4668 | D:6      | Noticed a dream sheep
  4668 | D:6      | Noticed a dream sheep
  4668 | D:6      | Noticed a dream sheep
  4668 | D:6      | Noticed a dream sheep
  4672 | D:6      | Killed a dream sheep
  4672 | D:6      | Killed a dream sheep
  4672 | D:6      | Killed a dream sheep
  4672 | D:6      | Killed a dream sheep
  4673 | D:6      | Killed a dream sheep
  4866 | D:6      | Noticed Menkaure
  4875 | D:6      | Killed Menkaure
  4875 | D:6      | Reached XP level 8. HP: 14/66 MP: 8/15
  4988 | D:6      | Reached skill level 5 in Spellcasting
  5274 | D:6      | Found an ancient bone altar of Kikubaaqudgha.
  5293 | D:6      | Noticed Prince Ribbit
  5451 | D:6      | Killed Prince Ribbit
  5526 | D:6      | Noticed Grinder
  5549 | D:6      | Killed Grinder
  5638 | D:6      | Learned a level 3 spell: Inner Flame
  5640 | D:6      | Learned a level 1 spell: Flame Tongue
  5796 | D:7      | Gained mutation: You passively map the area around you. [Deep Dwarf growth]
  5796 | D:7      | Reached XP level 9. HP: 67/73 MP: 19/19
  5797 | D:7      | Found a staircase to the Ecumenical Temple.
  6136 | D:7      | Found a bloodstained altar of Trog.
  6137 | D:7      | Found an iron altar of Okawaru.
  6172 | D:7      | Found a sparkling altar of Nemelex Xobeh.
  6204 | D:7      | Noticed homeworkjunkie's ghost (novice HOFi)
  6910 | D:4      | Killed Pikel
  6910 | D:4      | Reached skill level 2 in Axes
  7225 | D:3      | Killed Duvessa
  7226 | D:3      | Killed Dowan
  8011 | D:8      | Noticed a two-headed ogre
  8023 | D:8      | Killed a two-headed ogre
  8023 | D:8      | Reached XP level 10. HP: 72/85 MP: 18/23
  8378 | D:9      | Found a hide-covered altar of Uskayaw.
  8425 | D:9      | Found a shadowy altar of Dithmenos.
  8612 | D:9      | Found Vocuiq's Gadget Shoppe.
  8660 | D:9      | Noticed Gastronok
  8665 | D:9      | Noticed soepske's ghost (novice MiBe)
  8986 | D:9      | Reached skill level 3 in Axes
  8986 | D:9      | Reached skill level 5 in Evocations
  9385 | D:10     | Entered Level 10 of the Dungeon
  9723 | D:9      | Killed Gastronok
  9723 | D:9      | Reached skill level 4 in Axes
 10113 | D:10     | Reached skill level 5 in Axes
 10171 | D:10     | Reached XP level 11. HP: 77/91 MP: 23/24
 10627 | D:10     | Noticed a two-headed ogre
 10650 | D:10     | Killed a two-headed ogre
 10650 | D:10     | Reached skill level 6 in Axes
 10650 | D:10     | Reached skill level 5 in Armour
 10701 | D:10     | Noticed Fannar
 10706 | D:10     | Killed Fannar
 10706 | D:10     | Reached skill level 10 in Necromancy
 10989 | D:10     | Killed an unseen horror
 11021 | D:11     | Found a flagged portal.
 11021 | D:11     | Noticed a seven-headed hydra
 11032 | D:11     | Killed a seven-headed hydra
 11050 | D:11     | Killed an unseen horror
 11050 | D:11     | Reached skill level 7 in Axes
 11073 | D:11     | Noticed a purple ugly thing
 11083 | D:11     | Killed a purple ugly thing
 11191 | Bailey   | Entered a bailey
 12095 | D:11     | Reached skill level 5 in Fighting
 12095 | D:11     | Reached XP level 12. HP: 97/103 MP: 25/25
 12555 | D:11     | Found a staircase to the Lair.
 12764 | D:11     | Paralysed by a hornet for 1 turns
 12907 | D:12     | Learned a level 1 spell: Summon Butterflies
 13290 | D:13     | Found a labyrinth entrance.
 13291 | D:13     | Noticed a two-headed ogre
 13300 | Lab      | Entered a labyrinth
 13894 | Lab      | Noticed a minotaur
 13901 | Lab      | Killed a minotaur
 13917 | Lab      | Got a spiked scale mail
 13929 | Lab      | Identified the cursed +1 scale mail of Reason {rF- MR+ MP+9 SInv} (You took it off a minotaur in a labyrinth)
 14059 | D:13     | Reached XP level 13. HP: 81/118 MP: 26/26
 14060 | D:13     | Gained mutation: You resist negative energy. (rN+) [Deep Dwarf growth]
 14060 | D:13     | Reached XP level 14. HP: 89/130 MP: 27/27
 14332 | D:13     | Reached skill level 10 in Fighting
 14676 | D:13     | Reached skill level 15 in Necromancy
 15281 | Lair:1   | Entered Level 1 of the Lair of Beasts
 15347 | Lair:1   | Found a dark tunnel.
 15359 | Volcano  | Entered a volcano
 15509 | Volcano  | Found a radiant altar of Vehumet.
 15699 | Volcano  | Reached skill level 8 in Axes
 16521 | Lair:1   | Reached XP level 15. HP: 99/141 MP: 28/28
 16550 | Lair:2   | Reached skill level 9 in Axes
 16613 | Lair:2   | Noticed Erica
 16626 | Lair:2   | Killed Erica
 16840 | Lair:2   | Reached skill level 10 in Axes
 17439 | D:7      | Bought the +10 pearl dragon scales "Foren" {rC+ rN+ Dex+7} for 2512 gold pieces
 17946 | D:12     | Found a staircase to the Orcish Mines.
 18279 | Orc:1    | Entered Level 1 of the Orcish Mines
 18334 | Orc:1    | Reached skill level 11 in Axes
 19137 | Lair:3   | Reached skill level 12 in Axes
 19763 | Orc:1    | Noticed Urug
 19781 | Orc:1    | Killed Urug
 20059 | Orc:1    | Learned a level 6 spell: Deflect Missiles
 20065 | Orc:1    | Learned a level 5 spell: Silence
 20069 | Orc:2    | Entered Level 2 of the Orcish Mines
 20069 | Orc:2    | Found a burning altar of Makhleb.
 20071 | Orc:2    | Noticed Meenos's ghost (novice TrBe)
 20076 | Orc:1    | Learned a level 3 spell: Mephitic Cloud
 20079 | Orc:1    | Learned a level 2 spell: Blink
 20092 | Orc:2    | Killed Meenos's ghost
 20205 | Orc:2    | Found Fuel's Gadget Boutique.
 20205 | Orc:2    | Found a staircase to the Elven Halls.
 20303 | Orc:2    | Reached skill level 1 in Translocations
 20404 | Orc:2    | Reached skill level 1 in Summonings
 20417 | Orc:2    | Reached skill level 1 in Charms
 20544 | Orc:2    | Reached skill level 1 in Poison Magic
 20563 | Orc:2    | Found Cehuqeul's Distillery.
 20585 | Orc:2    | Reached skill level 1 in Hexes
 20613 | Orc:2    | Found an ancient bone altar of Kikubaaqudgha.
 20615 | Orc:2    | Noticed Nergalle
 20640 | Orc:2    | Reached skill level 1 in Air Magic
 20649 | Orc:2    | Killed Nergalle
 20694 | Orc:2    | Found Woha's Antique Weapon Emporium.
 20725 | Orc:2    | Found a radiant altar of Vehumet.
 20726 | Orc:2    | Noticed Erolcha
 20740 | Orc:2    | Killed Erolcha
 20759 | Orc:2    | Found Ickevedwe's Gadget Shoppe.
 20775 | Orc:2    | Found a roughly hewn altar of Beogh.
 20806 | Orc:2    | Found Wyodi's Book Shoppe.
 21160 | Lair:4   | Found a staircase to the Swamp.
 21417 | Lair:4   | Found a hole to the Spider Nest.
 22465 | D:14     | Found a gate to the Vaults.
 22577 | D:14     | Reached XP level 16. HP: 118/150 MP: 29/29
 22870 | D:14     | Found Boug's Armour Emporium.
 23370 | D:15     | Entered Level 15 of the Dungeon
 23539 | D:15     | Reached skill level 13 in Axes
 23813 | D:15     | Found a white marble altar of Elyvilon.
 23989 | D:15     | Found a staircase to the Depths.
 24110 | D:15     | Found Ceiparuf's Distillery.
 24540 | Lair:5   | Noticed Vojta's ghost (journeyman GrEE)
 24618 | Lair:5   | Killed Vojta's ghost
 24672 | Lair:5   | Noticed Snorg
 24683 | Lair:5   | Killed Snorg
 24683 | Lair:5   | Reached skill level 5 in Dodging
 25368 | Lair:6   | Entered Level 6 of the Lair of Beasts
 25387 | Lair:6   | Found a staircase to the Slime Pits.
 25651 | Lair:6   | Reached skill level 14 in Axes
 25823 | Lair:6   | Got a brightly glowing long sword
 25839 | Lair:6   | Identified the +3 long sword of Gefomn {slice, +Fly rN+ Dex+3} (You found it on level 6 of the Lair of Beasts)
 26853 | Lair:6   | Got an ichor-stained hunting sling
 26855 | Lair:6   | Identified the +8 hunting sling "Jeekhloze" {velocity, rPois rN++ Int+3} (You found it on level 6 of the Lair of Beasts)
 27135 | Elf:1    | Entered Level 1 of the Elven Halls
 27807 | Elf:1    | Reached skill level 10 in Armour
 28036 | Elf:1    | Reached XP level 17. HP: 152/157 MP: 30/30
 28691 | Elf:1    | Reached skill level 15 in Axes
 28732 | Elf:2    | Reached skill level 10 in Spellcasting
 28782 | Elf:2    | Found Natav's Antique Weapon Emporium.
 28986 | Elf:2    | Noticed Louise
 29014 | Elf:2    | Killed Louise
 29311 | Elf:2    | Found a huge runed gate.
 29313 | Elf:2    | Found a huge runed gate.
 29313 | Elf:2    | Found a huge runed gate.
 29314 | Elf:2    | Found a huge runed gate.
 29314 | Elf:2    | Found a huge runed gate.
 29331 | Elf:2    | Reached skill level 5 in Air Magic
 29838 | Swamp:1  | Entered Level 1 of the Swamp
 30549 | Elf:3    | Entered Level 3 of the Elven Halls
 30589 | Elf:3    | Found a flickering gateway to a bazaar.
 30882 | Elf:3    | Noticed a deep elf blademaster
 30894 | Elf:3    | Killed a deep elf blademaster
 30894 | Elf:3    | Reached skill level 16 in Axes
 30936 | Bazaar   | Entered a bazaar
 30936 | Bazaar   | Found Ganusche's Book Shop.
 30940 | Bazaar   | Found Terr's Jewellery Shop.
 30958 | Bazaar   | Found Betuxal's Gadget Emporium.
 30964 | Bazaar   | Found Soafabirph's Book Boutique.
 30977 | Bazaar   | Found Voiff's General Store.
 31438 | Elf:3    | Noticed a deep elf blademaster
 31454 | Elf:3    | Killed a deep elf blademaster
 31455 | Elf:3    | Noticed a Tzitzimitl
 31462 | Elf:3    | Gained mutation: You passively map a large area around you. [Deep Dwarf growth]
 31462 | Elf:3    | Reached XP level 18. HP: 113/168 MP: 15/32
 31691 | Elf:3    | Identified the Catalogue of Ensnaring Dark Secrets
 31821 | Elf:3    | Identified the Collected Works on the Birds and Dislocation
 31825 | Elf:3    | Learned a level 2 spell: Swiftness
 31862 | Elf:3    | Identified Sif Muna's Tome of Noxious Feathers
 32194 | D:11     | You fall through a shaft for 2 floors!
 32408 | Elf:3    | Identified the Almanac of Snow
 32413 | Elf:3    | Identified the Grimoire of Darkness
 32474 | Elf:3    | Learned a level 3 spell: Ignite Poison
 32504 | Elf:3    | Got a shimmering scimitar
 32505 | Elf:3    | Identified the cursed +2 scimitar "Blob" {drain, Str+3 Dex+3} (You found it on level 3 of the Elven Halls)
 32568 | Elf:3    | Learned a level 5 spell: Dispel Undead
 32595 | Elf:3    | Reached skill level 17 in Axes
 32724 | Elf:3    | Found an ancient bone altar of Kikubaaqudgha.
 32897 | Elf:3    | Got encrusted ice dragon scales
 32908 | Elf:3    | Identified the +8 ice dragon scales of the Kettle-Drum {rF- rC++ MR+ Regen+ rCorr} (You found it on level 3 of the Elven Halls)
 32930 | Elf:3    | Got a scorched great sword {elec}
 32931 | Elf:3    | Identified the +6 great sword of Ciliusot {elec, *Drain +Blink rElec Dex+4} (You took it off a deep elf sorcerer on level 3 of the Elven Halls)
 32937 | Elf:3    | Got an iridescent spear {freeze}
 32938 | Elf:3    | Identified the +7 spear of Qonahi {freeze, *Noise rF- rN+ Int+8} (You took it off a deep elf elementalist on level 3 of the Elven Halls)
 33430 | Swamp:1  | Reached skill level 1 in Transmutations
 33714 | Swamp:1  | Noticed a tentacled monstrosity
 33739 | Swamp:1  | Killed a tentacled monstrosity
 34103 | Swamp:2  | Noticed Roxanne
 35556 | Swamp:4  | Entered Level 4 of the Swamp
 35740 | Swamp:4  | Noticed Thaneod's ghost (adept MiGl)
 36298 | Swamp:4  | Killed Thaneod's ghost
 37101 | Slime:1  | Entered Level 1 of the Pits of Slime
 37635 | Swamp:4  | Reached XP level 19. HP: 168/182 MP: 33/33
 37682 | Swamp:4  | Noticed a bone dragon
 37703 | Swamp:4  | Killed a bone dragon
 37703 | Swamp:4  | Reached skill level 10 in Dodging
 37823 | Swamp:4  | Got a decaying rune of Zot
 37923 | Swamp:4  | HP: 6/182 [something (7)]
 38390 | Vaults:1 | Entered Level 1 of the Vaults
 39568 | Vaults:1 | Reached skill level 18 in Axes
 40484 | Vaults:2 | Reached skill level 19 in Axes
 41127 | Vaults:3 | Reached XP level 20. HP: 162/193 MP: 34/34
 41329 | Vaults:3 | Reached skill level 20 in Axes
 42211 | Vaults:3 | Reached skill level 21 in Axes
 42222 | Vaults:3 | Found a staircase to the Crypt.
 42543 | Vaults:3 | Got a steaming whip
 42544 | Vaults:3 | Identified the cursed +0 whip "Joraa" {venom, MR+} (You found it on level 3 of the Vaults)
 43328 | Vaults:4 | Reached skill level 22 in Axes
 43426 | Vaults:4 | Found a portal to a secret trove of treasure.
 43985 | Vaults:4 | Reached skill level 15 in Fighting
 44246 | Vaults:4 | Reached XP level 21. HP: 198/201 MP: 35/35
 44754 | Vaults:5 | Entered Level 5 of the Vaults
 44823 | Vaults:4 | Reached skill level 5 in Charms
 45225 | Vaults:5 | Noticed a golden dragon
 45246 | Vaults:5 | Killed a golden dragon
 45271 | Vaults:5 | Got a crude silver ring
 45273 | Vaults:5 | Identified the ring of Vuyd Tio {Wiz rElec rN+} (You found it on level 5 of the Vaults)
 45564 | Vaults:5 | Reached XP level 22. HP: 155/211 MP: 37/37
 45576 | Vaults:5 | Got a silver rune of Zot
 45800 | Vaults:5 | Got a shimmering rapier
 46080 | Vaults:5 | Reached skill level 23 in Axes
 46178 | Vaults:5 | Identified Degrisas's Volume of the Frostbite and Conjuration
 46799 | Vaults:5 | Got a fine plate armour
 46810 | Vaults:5 | Identified the +9 plate armour of Ofippig {+Blink rElec rC- MR+++} (You took it off a vault warden on level 5 of the Vaults)
 46923 | Vaults:5 | Got a faintly humming chain mail
 46934 | Vaults:5 | Identified the +1 chain mail of Divine Compulsion {rC+ Dex+5} (You found it on level 5 of the Vaults)
 47083 | Vaults:5 | Got a twisted hand axe {flame}
 47084 | Vaults:5 | Identified the +6 hand axe "Ufuatuf" {flame, +Blink rC+ Dex+5} (You took it off a deep elf mage on level 5 of the Vaults)
 47653 | Crypt:1  | Entered Level 1 of the Crypt
 48068 | Crypt:1  | Noticed Aizul
 48086 | Crypt:1  | Killed Aizul
 49997 | Crypt:2  | Found a basalt altar of Yredelemnul.
 50197 | Crypt:3  | Entered Level 3 of the Crypt
 50277 | Crypt:3  | Noticed Jory
 50305 | Crypt:3  | Reached XP level 23. HP: 37/222 MP: 39/39
 50305 | Crypt:3  | Killed from afar by Jory

Skill      XL: |  1  2  3  4  5  6  7  8  9 10 11 12 13 14 15 16 17 18 19 20 21 22 |
---------------+-------------------------------------------------------------------+-----
Spellcasting   | 2 3 4 7 9 10 11 12 | 12.0
Necromancy     | 5 6 7 8 9 11 13 14 15 16 | 16.2
Conjurations   | 1 2 |  2.4
Fire Magic     | 1 2 |  2.4
Fighting       | 1 2 3 5 8 9 11 12 14 15 16 | 16.5
Armour         | 2 4 6 8 10 11 13 | 13.6
Axes           | 2 5 7 8 12 14 16 17 19 22 23 | 23.1
Evocations     | 3 6 |  6.3
Dodging        | 4 7 9 11 12 14 | 14.6
Translocations | 2 |  2.3
Summonings     | 2 |  2.4
Charms         | 3 6 |  6.6
Poison Magic   | 2 |  2.0
Hexes          | 3 |  3.0
Air Magic      | 2 3 5 6 |  6.3
Transmutations | 1 |  1.8
Stealth        | |  2.4

Action                   |  1- 3 |  4- 6 |  7- 9 | 10-12 | 13-15 | 16-18 | 19-21 | 22-24 || total
-------------------------+-------+-------+-------+-------+-------+-------+-------+-------++-------
Melee: Unarmed           |     6 |       |       |       |       |       |       |       ||     6
       Dagger            |    16 |     3 |    74 |   300 |   149 |       |       |       ||   542
       Short sword       |     4 |       |       |       |       |       |       |       ||     4
       Trident           |       |    18 |    61 |     8 |    26 |       |       |       ||   113
       Quarterstaff      |       |       |       |    20 |       |       |       |       ||    20
       Broad axe         |       |       |       |       |   695 |  1893 |   720 |       ||  3308
       Great sword       |       |       |       |       |    22 |       |       |       ||    22
       Battleaxe         |       |       |       |       |       |       |   801 |   964 ||  1765
 Fire: Blowgun           |       |       |       |    49 |       |       |       |       ||    49
Throw: Tomahawk          |       |       |     5 |       |       |       |       |       ||     5
       Javelin           |       |       |       |    22 |       |     1 |       |       ||    23
 Cast: Pain              |    42 |   125 |   158 |   259 |    21 |     1 |       |       ||   606
       Vampiric Draining |     1 |    13 |    57 |   153 |   275 |   558 |   429 |    64 ||  1550
       Flame Tongue      |       |       |       |    23 |       |       |     1 |       ||    24
       Conjure Flame     |       |       |       |    51 |    11 |     6 |    13 |    14 ||    95
       Inner Flame       |       |       |       |     2 |       |       |       |       ||     2
       Mephitic Cloud    |       |       |       |       |     3 |    29 |    29 |     9 ||    70
       Summon Butterflie |       |       |       |       |     1 |       |       |       ||     1
       Blink             |       |       |       |       |       |    22 |    10 |    15 ||    47
       Ignite Poison     |       |       |       |       |       |       |     2 |     3 ||     5
Invok: Call Merchant     |       |       |     1 |     2 |     2 |     4 |     2 |       ||    11
       Potion Petition   |       |       |       |       |       |     1 |       |       ||     1
Evoke: Wand              |       |       |     1 |    19 |    18 |    29 |     9 |       ||    76
       Lamp of fire      |       |       |       |     2 |       |       |       |       ||     2
       Box of beasts     |       |       |       |       |       |     1 |       |       ||     1
  Use: Scroll            |       |       |     8 |    25 |     8 |    20 |     3 |       ||    64
       Potion            |       |       |       |     1 |     1 |     7 |     2 |     1 ||    12
 Stab: Distracted        |       |       |     2 |     1 |     6 |     7 |    18 |     7 ||    41
       Sleeping          |       |       |     2 |       |       |       |       |       ||     2
       Confused          |       |       |       |       |    10 |    20 |    12 |       ||    42
       Petrified         |       |       |       |       |       |     3 |       |       ||     3
  Eat: Meat ration       |       |     2 |     1 |     1 |     1 |     1 |     2 |       ||     8
       Royal jelly       |       |     1 |     4 |     1 |       |     4 |     5 |     3 ||    18
       Fruit             |       |       |     2 |     4 |     5 |     7 |     1 |       ||    19
       Chunk             |       |       |     1 |       |       |       |       |       ||     1
       Bread ration      |       |       |       |     3 |     5 |     8 |     3 |     2 ||    21
Armor: Robe              |    12 |       |       |       |       |       |       |       ||    12
       Ring mail         |       |    17 |   115 |    16 |    23 |       |       |       ||   171
       Scale mail        |       |       |       |   299 |    20 |       |       |       ||   319
       Plate armour      |       |       |       |       |   147 |       |       |       ||   147
       Fire dragon scale |       |       |       |       |    88 |       |       |       ||    88
       Pearl dragon scal |       |       |       |       |   442 |  1307 |   803 |   374 ||  2926
Dodge: Dodged            |    27 |    23 |   126 |   308 |   868 |  1785 |  1506 |   682 ||  5325
Block: Other             |       |       |       |       |       |   225 |   206 |   139 ||   570
       Reflection        |       |       |       |       |       |     4 |    16 |     7 ||    27
       Rpst.: Great sword |       |       |       |       |     7 |       |       |       ||     7
